 Dungeon Crawl Stone Soup version 0.31-a0-233-g139696dc86 (webtiles) character file.

Game seed: 11568176754331747379

1204 gelatine the Chopper (level 8, -7/60 HPs)
             Began as a Demonspawn Gladiator on July 7, 2023.
             Mangled by Menkaure (11 damage)
             ... on level 5 of the Dungeon.
             The game lasted 00:13:44 (4542 turns).

gelatine the Chopper (Demonspawn Gladiator)         Turns: 4542, Time: 00:13:45

Health: -7/60      AC: 14    Str: 16    XL:     8   Next: 21%
Magic:  8/8        EV: 13    Int: 10    God:
Gold:   157        SH:  4    Dex: 15    Spells: 7/7 levels left

rFire   . . .        a - +0 war axe
rCold   . . .        (no shield)
rNeg    . . .        u - +2 leather armour {rPois}
rPois   +            c - +0 helmet
rElec   .            (no cloak)
rCorr   .            (no gloves)
SInv    .            (no boots)
Will    .....        (no amulet)
Stlth   ++           j - +4 ring of protection
HPRegen 0.30/turn    (no ring)
MPRegen 0.11/turn

%: no passive effects
@: no status effects
A: icemail 1, spiny 1, condensation shield, weakness stinger 1, demonic touch 1
a: no special abilities


You were on level 5 of the Dungeon.
You visited 2 branches of the dungeon, and saw 6 of its levels.

You collected 227 gold pieces.
You spent 70 gold pieces at shops.

Inventory:

Hand Weapons
 a - a +0 war axe (weapon)
Missiles
 e - a javelin
 m - a throwing net
Armour
 c - a +0 helmet (worn)
 d - a +2 robe of positive energy
 p - a +0 chain mail
 u - a +2 leather armour of poison resistance (worn)
 w - a +0 scale mail
Magical Staves
 g - a staff of poison
Jewellery
 j - a +4 ring of protection (left hand)
Wands
 s - a wand of iceblast (6)
Scrolls
 i - a scroll of noise {unknown}
 k - a scroll of blinking
 n - a scroll of teleportation
 r - 2 scrolls of fog {unknown}
 t - a scroll of vulnerability
 v - a scroll of immolation {unknown}
 x - a scroll of identify
 y - a scroll of revelation {unknown}
 z - a scroll of enchant weapon {unknown}
 A - a scroll of enchant armour
Potions
 b - a potion of ambrosia
 f - a potion of brilliance
 h - a potion of enlightenment
 l - 2 potions of lignification
 o - a potion of haste
 q - a potion of heal wounds {unknown}
 B - a potion of might {unknown}


   Skills:
 * Level 4.0 Fighting
 * Level 6.4 Axes
 * Level 3.1 Throwing
 * Level 2.7 Armour
 * Level 3.9 Dodging
 + Level 1.3 Stealth
 * Level 2.7 Shields


You had 7 spell levels left.
You didn't know any spells.
Your spell library contained the following spells:

 Spells                   Type           Power      Damage    Failure   Level
 Shock                    Conj/Air       0%         1d3       41%         1
 Swiftness                Air            0%         N/A       80%         3
 Airstrike                Air            0%         2d(0-16)  99%         4


Dungeon Overview and Level Annotations

Branches:
Dungeon (5/15)             Temple (1/1) D:4

Altars:
Ashenzari
Cheibriados
Fedhas
Gozag
Hepliaklqana
Kikubaaqudgha
Qazlal
Trog
Uskayaw
Vehumet
Yredelemnul

Shops:
D:1 ?

Annotations:
D:5 Menkaure


Innate Abilities, Weirdness & Mutations

A meltable icy envelope protects you from harm. (AC +4)
You are partially covered in sharp spines.
A meltable shield of frost defends you. (SH +4)
You have a small tail.
Your touch may inflict minor irresistible damage on your foes.


Message History

Found 12 gold pieces and a sling.
HP restored.
Found a stone staircase leading down.
You now have 157 gold pieces (gained 12).
r - 2 scrolls labelled NETZEX YRIJA (gained 1)
You open the door.
There is an open door here.
A - a scroll of enchant armour
B - a cyan potion
There is an open door here.
There is a stone staircase leading down here.
Menkaure, Prince of Dust comes into view.
Menkaure shouts!
Menkaure calls on the powers of darkness!
Your body is wracked with pain!
Menkaure calls on the powers of darkness!
Your body is wracked with pain!
* * * LOW HITPOINT WARNING * * *
Menkaure gestures at you while chanting.
Pain shoots through your body!
* * * LOW HITPOINT WARNING * * *
You slash Menkaure! Your touch misses Menkaure.
Menkaure is heavily damaged.
Menkaure is struck by your spines. Menkaure hits you but does no damage.
You barely miss Menkaure.
Your tail-slap misses Menkaure.
Menkaure is severely damaged.
Menkaure hits you!
* * * LOW HITPOINT WARNING * * *
You hit Menkaure.
Menkaure is severely damaged.
Menkaure calls on the powers of darkness!
You feel a surge of unholy energy.
You barely miss Menkaure.
Menkaure is severely damaged.
Menkaure casts a spell at you.
You struggle to resist.
You hit Menkaure but do no damage.
Your tail-slap misses Menkaure.
Menkaure is severely damaged.
Menkaure hits you!
You die...

######### #.......#
#.......### #.........#
##########..@M...#
#....>.....#######
#..........####
#####..).........#
#...#..............
#...'....<.(..##### ...
#...#..........## ....
#####...........#
###....
####........#####.......


You could see Menkaure.

Vanquished Creatures
  Pikel (D:4)
  Sigmund (D:4)
  A lemure (D:4)
  A howler monkey (D:5)
  2 orc priests
  3 iguanas
  2 sleepcaps
  Natasha (thrice) (D:2)
  An orc wizard (D:4)
  4 gnolls (D:5)
  5 adders
  2 worms
  7 dart slugs
  7 orcs
  6 bats
  5 endoplasms (D:1)
  4 giant cockroaches
  9 goblins
  8 hobgoblins
  4 jackals (D:2)
  6 quokkas
  6 ball pythons
  4 frilled lizards
  4 kobolds
  5 rats
101 creatures vanquished.

Vanquished Creatures (collateral kills)
  An iguana (D:4)
  A kobold (D:4)
2 creatures vanquished.

Grand Total: 103 creatures vanquished

Notes
Turn   | Place    | Note
-------+----------+-------------------------------------------
     0 | D:1      | gelatine the Demonspawn Gladiator began the quest for the
                  | Orb.
     0 | D:1      | Reached XP level 1. HP: 16/16 MP: 1/1
    39 | D:1      | Found Usosisa's Magic Scroll Boutique.
   205 | D:1      | Reached skill level 3 in Axes
   205 | D:1      | Gained mutation: A meltable shield of frost defends you.
                  | (SH +4) [demonic ancestry]
   205 | D:1      | Reached XP level 2. HP: 22/22 MP: 2/2
   414 | D:1      | Reached skill level 1 in Armour
   519 | D:1      | Reached XP level 3. HP: 24/27 MP: 3/3
   785 | D:1      | Bought a scroll of identify for 20 gold pieces
   785 | D:1      | Bought a scroll of teleportation for 30 gold pieces
   785 | D:1      | Bought a scroll of identify for 20 gold pieces
  1206 | D:2      | Noticed Natasha
  1213 | D:2      | Killed Natasha
  1214 | D:2      | Discovered your monstrous ancestry.
  1214 | D:2      | Gained mutation: You have a small tail. [demonic ancestry]
  1214 | D:2      | Reached XP level 4. HP: 25/34 MP: 4/4
  1676 | D:2      | Noticed Natasha
  1692 | D:2      | Killed Natasha
  1693 | D:2      | Reached skill level 1 in Shields
  1698 | D:2      | Reached skill level 4 in Axes
  1698 | D:2      | Reached XP level 5. HP: 17/39 MP: 5/5
  2090 | D:2      | Noticed Natasha
  2096 | D:2      | Killed Natasha
  2466 | D:3      | Found a hazy altar of Hepliaklqana.
  3015 | D:4      | Gained mutation: A meltable icy envelope protects you from
                  | harm. (AC +4) [demonic ancestry]
  3015 | D:4      | Reached XP level 6. HP: 46/46 MP: 6/6
  3034 | D:4      | Noticed Sigmund
  3064 | D:4      | Killed Sigmund
  3065 | D:4      | Reached skill level 5 in Axes
  3065 | D:4      | Reached skill level 1 in Stealth
  3372 | D:4      | Noticed Pikel
  3393 | D:4      | HP: 2/47 [lemure[Pikel] (4)]
  3661 | D:4      | Killed Pikel
  3662 | D:4      | Reached skill level 6 in Axes
  3662 | D:4      | Gained mutation: Your touch may inflict minor irresistible
                  | damage on your foes. [demonic ancestry]
  3662 | D:4      | Reached XP level 7. HP: 14/53 MP: 7/7
  3927 | D:4      | Found a stormy altar of Qazlal.
  3943 | D:4      | Found an ancient bone altar of Kikubaaqudgha.
  3963 | D:4      | Found a staircase to the Ecumenical Temple.
  4023 | D:4      | Gained mutation: You are partially covered in sharp spines.
                  | [demonic ancestry]
  4023 | D:4      | Reached XP level 8. HP: 39/60 MP: 8/8
  4279 | Temple   | Entered the Ecumenical Temple
  4362 | D:5      | Entered Level 5 of the Dungeon
  4532 | D:5      | Noticed Menkaure
  4539 | D:5      | HP: 3/60 [Menkaure (13)]
  4542 | D:5      | Mangled by Menkaure

Illustrated notes

Levels and vault maps discovered:
D:1:      lightli_arrival_lavapool, layout_basic, serial_shops,
          nicolae_shop_rolling_square
D:2:      layout_loops_ring, uniq_natasha
D:3:      layout_basic, mainiacjoe_overflow_small_starburst, lemuel_doored_altar
D:4:      layout_basic, mainiacjoe_overflow_catwalk_spiral, temple_statues,
          uniq_pikel, uniq_sigmund
D:5:      layout_rooms, serial_shops, nicolae_shop_pleasant_corner_grove,
          eino_tiny_chamber, uniq_ijyb, uniq_menkaure
Temple:   nicolae_temple_cloud_nine

Skill      XL: |  1  2  3  4  5  6  7  8 |
---------------+-------------------------+-----
Axes           | 3 4 6 |  6.4
Armour         | 1 2 |  2.7
Shields        | 1 2 |  2.7
Throwing       | 2 3 |  3.1
Dodging        | 3 |  3.9
Fighting       | 3 4 |  4.0
Stealth        | 1 |  1.3

Action                     |  1- 3 |  4- 6 |  7- 9 || total
---------------------------+-------+-------+-------++-------
  Melee: War axe           |   111 |   197 |    37 ||   345
         Tailslap          |       |    32 |     3 ||    35
         Punch             |       |     2 |       ||     2
         Touch             |       |       |     8 ||     8
  Throw: Throwing net      |     1 |     3 |       ||     4
    Use: Scroll            |     4 |     8 |       ||    12
         Potion            |       |     2 |       ||     2
   Stab: Sleeping          |       |     1 |       ||     1
         Held in net/web   |       |     2 |       ||     2
 Armour: Leather armour    |    42 |    78 |    22 ||   142
  Dodge: Dodged            |    74 |   146 |    15 ||   235
  Block: Other             |    15 |    30 |     3 ||    48

Table legend: (Time is in decaauts)
 A = Elapsed time spent in this place.
 B = Non-inter-level travel time spent in this place.
 C = Inter-level travel time spent in this place.
 D = Time resting spent in this place.
 E = Time spent auto-exploring this place.
 F = Levels seen in this place.
 G = Mean time per level.
                   A        B        C        D        E       F      G
               +--------+--------+--------+--------+--------+-----+--------+
         Total |   4648 |   3971 |    677 |      0 |   2793 |   6 |  774.7 |
       Dungeon |   4596 |   3925 |    671 |      0 |   2749 |   5 |  919.2 |
        Temple |     51 |     45 |      6 |      0 |     44 |   1 |   51.0 |
               +--------+--------+--------+--------+--------+-----+--------+

Top non-repeatable levels by time:
     D:2: 1300 daAuts
     D:3: 1184 daAuts
     D:4: 1062 daAuts
     D:1: 865 daAuts
     D:5: 184 daAuts
  Temple: 51 daAuts
